Map: Traitor's Exile

Players

Cthulhu - Winner!

  • Race: Protoss Protoss
  • Spawn Location: 5:00

Throwfordays - Winner!

  • Race: Protoss Protoss
  • League: Silver
  • Spawn Location: 6:00

Watsfilio

  • Race: Protoss Protoss
  • Spawn Location: 12:00

KitFisto

  • Race: Zerg Zerg
  • Spawn Location: 9:00

VOD

Have the link to the VOD?

Description

Time

  • Played on: March 29, 2019, 10:44 p.m.
  • Length: 16:57
Show
View Real Time Build Order
Export as new Build Order

Cthulhu Protoss - Winner!

Build Orders:  

Get SALT Encoding   

  1  0:00  Probe  
  12  0:06  Probe  
  14  0:19  Pylon  
  14  0:28  Probe  
  15  0:39  Gateway  
  15  0:43  Probe  
  16  0:55  Probe  
  17  1:00  Assimilator  
  17  1:07  Pylon  
  17  1:12  Gateway  
  17  1:28  Cybernetics Core  
  17  1:30  Probe  
  18  1:34  Zealot  
  20  1:56  Warp Gate  
  20  2:00  Pylon  
  20  2:08  Zealot x2  
  24  2:29  Twilight Council  
  24  2:33  Forge  
  24  2:37  Pylon  
  24  2:39  Probe  
  25  2:57  Probe  
  26  3:13  Nexus  
  26  3:41  Protoss Ground Weapons Level 1  
  26  3:45  Pylon  
  26  3:47  Assimilator  
  26  3:51  Pylon  
  26  4:04  Photon Cannon  
  26  4:12  Pylon  
  26  4:13  Assimilator  
  26  4:20  Photon Cannon  
  26  4:25  Photon Cannon  
  26  4:28  Pylon  
  26  4:41  Stalker  
  28  4:51  Shield Battery  
  28  4:53  Probe  
  28  4:56  Probe  
  30  5:05  Probe  
  31  5:08  Photon Cannon  
  31  5:09  Probe  
  32  5:23  Zealot, Stalker  
  32  5:25  Probe  
  32  5:26  Probe  
  37  5:33  Probe  
  39  5:46  Gateway  
  39  5:51  Probe  
  39  5:52  Gateway  
  39  5:54  Probe  
  41  5:59  Probe  
  42  6:06  Charge  
  42  6:09  Probe  
  42  6:16  Templar Archives  
  43  6:18  Pylon  
  43  6:21  Probe  
  44  6:29  Protoss Shields Level 1  
  44  6:39  Probe x2  
  46  6:55  High Templar x2  
  46  6:57  High Templar  
  52  7:11  Pylon  
  52  7:16  Pylon  
  52  7:19  Assimilator  
  52  7:20  Probe x2  
  54  7:30  High Templar, Stalker  
  54  7:32  Nexus  
  56  7:40  High Templar  
  56  7:41  Stalker x2  
  58  7:55  Psionic Storm  
  58  8:05  Assimilator  
  58  8:10  Assimilator, Stalker x2  
  58  8:12  Probe x2  
  64  8:15  Archon x2  
  62  8:58  Probe x2  
  64  9:04  Pylon  
  64  9:06  Photon Cannon  
  64  9:11  Photon Cannon  
  64  9:18  Shield Battery  
  64  9:23  Pylon  
  64  9:25  Stalker x4  
  72  9:33  Gateway  
  72  9:34  Protoss Shields Level 2, Gateway  
  72  9:39  Pylon  
  72  9:43  Gateway  
  72  9:45  Pylon  
  72  9:54  Photon Cannon  
  72  10:02  Forge  
  72  10:04  Pylon  
  72  10:07  High Templar  
  72  10:08  High Templar x3  
  72  10:12  Shield Battery  
  80  10:16  Protoss Ground Weapons Level 2  
  80  10:21  Blink  
  80  10:25  Probe x2  
  80  10:27  Probe  
  83  10:37  Probe  
  83  10:40  Stalker  
  83  10:41  High Templar  
  88  10:54  Pylon  
  66  11:25  Stalker x6  
  67  11:27  High Templar  
  73  11:44  Photon Cannon  
  73  11:56  High Templar x3  
  79  12:06  Protoss Ground Armor Level 1  
  79  12:12  Robotics Facility  
  79  12:57  Pylon  
  34  14:08  High Templar x6  
  46  14:10  Zealot  
  49  14:17  Assimilator, Probe x3  
  49  14:19  Protoss Ground Armor Level 2  
  51  14:27  Probe  
  51  14:29  Probe  
  53  14:32  Probe  
  54  14:40  Probe  
  54  14:41  Zealot x2, Probe  
  54  14:42  Zealot x5  
  70  14:57  High Templar x2  
  74  15:01  Zealot x5  
  55  16:38  Assimilator  
Show
View Real Time Build Order
Export as new Build Order

Throwfordays Protoss - Winner!

Build Orders: 1 Gate Expand, Forge Fast Expand (FFE), Carriers 

Get SALT Encoding   

  12  0:01  Probe  
  13  0:13  Probe  
  14  0:18  Pylon  
  14  0:26  Probe  
  15  0:38  Probe  
  15  0:41  Gateway  
  16  0:50  Probe  
  17  0:59  Forge  
  17  1:02  Pylon  
  17  1:21  Assimilator  
  17  1:37  Nexus  
  17  1:50  Probe  
  18  1:57  Cybernetics Core  
  18  2:02  Probe  
  19  2:14  Probe  
  20  2:35  Photon Cannon  
  20  2:42  Photon Cannon  
  20  3:09  Pylon  
  20  3:14  Probe  
  21  3:25  Probe  
  21  3:26  Pylon  
  22  3:32  Assimilator  
  22  3:33  Probe  
  23  3:41  Probe  
  23  3:44  Warp Gate  
  23  3:48  Gateway  
  24  3:53  Stargate, Probe  
  25  3:59  Probe  
  26  4:05  Probe  
  27  4:11  Probe  
  27  4:12  Photon Cannon  
  28  4:19  Photon Cannon  
  28  4:23  Probe  
  28  4:24  Probe  
  30  4:36  Probe  
  31  4:39  Photon Cannon  
  31  4:46  Photon Cannon  
  31  4:48  Probe  
  32  4:53  Photon Cannon  
  32  5:00  Probe  
  32  5:02  Probe  
  34  5:12  Probe  
  34  5:14  Probe  
  36  5:19  Fleet Beacon  
  36  5:24  Cybernetics Core, Probe  
  36  5:26  Probe  
  38  5:31  Twilight Council  
  38  5:35  Pylon  
  38  5:36  Probe  
  38  5:40  Assimilator  
  39  5:43  Assimilator  
  39  5:47  Pylon  
  39  5:50  Pylon  
  39  5:57  Stargate  
  39  6:11  Nexus  
  39  6:16  Pylon  
  39  6:18  Pylon  
  39  6:20  Assimilator  
  39  6:23  Probe  
  39  6:24  Assimilator  
  39  6:25  Probe  
  41  6:35  Probe  
  41  6:37  Probe  
  41  6:39  Pylon  
  43  6:47  Nexus  
  43  6:48  Probe  
  43  6:49  Probe  
  43  6:51  Pylon  
  45  6:54  Pylon  
  45  6:56  Assimilator  
  45  7:00  Assimilator  
  45  7:09  Probe  
  46  7:16  Probe  
  46  7:19  Carrier  
  46  7:20  Probe  
  46  7:21  Probe  
  48  7:28  Probe x2  
  56  7:33  Probe  
  58  7:38  Probe  
  58  7:40  Probe  
  66  7:50  Probe  
  66  7:53  Photon Cannon  
  66  7:56  Photon Cannon  
  66  7:57  Carrier  
  62  8:01  Photon Cannon  
  62  8:05  Photon Cannon  
  56  8:06  Probe  
  56  8:14  Probe  
  57  8:23  Photon Cannon  
  57  8:24  Probe  
  57  8:25  Photon Cannon  
  58  8:31  Pylon  
  58  8:36  Probe  
  58  8:42  Carrier  
  64  8:48  Probe  
  65  9:00  Probe  
  66  9:05  Carrier  
  66  9:08  Nexus  
  72  9:12  Shield Battery, Probe  
  73  9:19  Assimilator  
  73  9:22  Pylon  
  73  9:24  Probe  
  73  9:25  Probe  
  73  9:27  Probe  
  76  9:36  Probe  
  76  9:37  Probe  
  78  9:39  Probe  
  78  9:40  Protoss Air Armor Level 1  
  78  9:44  Protoss Air Weapons Level 1  
  79  9:48  Probe  
  79  9:52  Carrier, Probe  
  87  10:00  Probe  
  87  10:04  Probe  
  89  10:11  Probe  
  89  10:12  Probe  
  91  10:16  Probe x2  
  91  10:17  Photon Cannon  
  91  10:19  Photon Cannon, Protoss Shields Level 1  
  93  10:22  Photon Cannon  
  93  10:23  Probe  
  93  10:24  Probe  
  94  10:29  Carrier  
  94  10:34  Probe  
  94  10:35  Probe  
  103  10:43  Pylon  
  103  10:45  Pylon  
  103  10:46  Pylon, Probe  
  104  10:56  Carrier  
  110  10:58  Probe  
  105  11:38  Carrier  
  111  11:44  Protoss Air Weapons Level 2  
  111  11:45  Protoss Air Armor Level 2  
  111  11:58  Probe  
  111  12:00  Probe  
  113  12:03  Probe  
  114  12:10  Probe  
  114  12:13  Protoss Shields Level 2, Probe  
  117  12:15  Probe  
  117  12:16  Stargate  
  117  12:18  Stargate  
  117  12:22  Probe  
  118  12:27  Probe  
  119  12:34  Probe  
  120  12:46  Probe  
  121  13:03  Carrier  
  121  13:04  Carrier x3  
  121  14:03  Carrier  
  121  14:04  Carrier x3  
  145  14:16  Assimilator  
  145  14:18  Probe  
  145  14:21  Probe  
  147  14:33  Probe  
  147  14:37  Pylon  
  148  14:39  Pylon  
  148  14:40  Pylon  
  148  14:42  Pylon  
  148  14:44  Pylon  
  148  14:45  Probe  
  148  14:46  Pylon  
  148  14:48  Pylon  
  148  14:49  Pylon  
  149  15:01  Void Ray  
  149  15:02  Void Ray x2  
  149  15:03  Void Ray  
  159  15:44  Void Ray x2  
  159  15:45  Void Ray  
  159  15:46  Void Ray  
Show
View Real Time Build Order
Export as new Build Order

Watsfilio Protoss 

Build Orders: Colossus Rush 

Get SALT Encoding   

  1  0:00  Probe  
  13  0:09  Probe  
  14  0:20  Probe  
  14  0:27  Pylon  
  15  1:17  Assimilator, Gateway  
  14  1:21  Assimilator, Probe  
  15  1:29  Probe  
  16  1:43  Pylon  
  16  1:45  Pylon  
  16  2:08  Cybernetics Core  
  16  2:11  Nexus, Zealot  
  18  2:44  Pylon  
  18  2:48  Pylon, Probe  
  18  2:56  Probe  
  20  3:05  Probe  
  21  3:18  Probe  
  22  3:23  Robotics Facility  
  22  3:25  Robotics Facility  
  22  3:30  Probe  
  23  3:38  Robotics Facility  
  23  3:47  Probe  
  23  3:48  Probe  
  25  3:56  Probe  
  26  4:06  Probe  
  27  4:16  Robotics Bay  
  27  4:18  Probe  
  27  4:21  Immortal  
  32  4:30  Probe  
  33  4:32  Assimilator  
  33  4:37  Assimilator  
  33  4:43  Immortal  
  37  4:58  Immortal  
  41  5:04  Probe  
  41  5:10  Probe  
  41  5:12  Probe  
  43  5:18  Probe  
  44  5:26  Probe  
  45  5:30  Colossus  
  45  5:34  Probe  
  53  5:43  Probe  
  53  5:47  Probe  
  54  5:51  Probe  
  54  5:55  Probe  
  56  6:00  Probe  
  58  6:05  Probe  
  59  6:12  Colossus, Probe  
  66  6:24  Probe  
  67  6:42  Probe  
  68  6:50  Pylon  
  68  6:51  Pylon  
  68  6:54  Pylon  
  68  7:08  Colossus x2  
  68  7:11  Colossus  
  86  8:00  Nexus  
  86  8:01  Colossus  
  92  8:22  Pylon  
  92  8:23  Pylon  
  92  8:40  Colossus x2  
  84  9:03  Colossus  
  90  9:12  Probe  
  91  9:20  Probe  
  91  9:25  Extended Thermal Lance  
  91  9:30  Probe  
  92  9:33  Colossus x2  
  105  9:42  Probe  
  105  9:45  Assimilator x2  
  106  9:54  Probe  
  106  9:56  Colossus  
  113  10:06  Pylon, Probe  
  114  10:09  Pylon  
  114  10:18  Probe  
  115  10:24  Pylon  
  115  10:27  Pylon, Warp Prism  
  115  10:28  Immortal  
  121  10:30  Probe  
  122  10:51  Immortal  
  126  11:03  Colossus  
  132  11:07  Immortal  
  124  11:30  Immortal  
  122  11:50  Probe  
  123  11:59  Colossus x2  
  135  12:02  Probe  
  136  12:08  Colossus  
  136  12:14  Probe  
  143  12:28  Stargate  
  143  12:29  Stargate  
  143  12:31  Probe  
  143  12:32  Stargate  
  144  12:43  Probe  
  145  12:53  Colossus x2  
  157  13:29  Colossus  
  151  13:46  Colossus x2  
  149  14:23  Colossus  
  155  14:40  Pylon  
  155  14:42  Pylon  
  155  14:44  Pylon x2  
  155  14:46  Pylon  
  155  14:47  Pylon  
  155  14:55  Pylon  
  155  14:58  Void Ray x2  
  163  15:00  Colossus, Void Ray  
  163  15:01  Colossus  
  179  15:16  Colossus  
  175  15:46  Void Ray x2  
  175  15:47  Void Ray  
  175  15:53  Colossus  
  175  15:54  Colossus  
Show
View Real Time Build Order
Export as new Build Order

KitFisto Zerg 

Build Orders: Pool First 

Get SALT Encoding   

  12  0:20  Spawning Pool  
  11  0:23  Drone  
  12  0:34  Drone x2  
  14  0:42  Overlord  
  14  1:08  Zergling x4  
  14  1:09  Zergling x2  
  17  1:15  Extractor  
  17  1:18  Queen  
  18  1:21  Drone  
  19  1:31  Zergling x2  
  20  1:48  Zergling x2  
  21  1:55  Extractor, Drone  
  21  2:05  Zergling x2  
  19  2:42  Zergling x6  
  20  3:13  Zergling x2  
  20  3:17  Overlord x2  
  18  3:38  Zergling x6  
  20  3:48  Lair  
  20  4:03  Hatchery  
  20  4:04  Drone x2  
  21  4:23  Drone x4  
  21  4:38  Zergling x2  
  22  4:50  Spire  
  21  4:53  Drone x3  
  24  5:02  Evolution Chamber  
  23  5:08  Infestation Pit  
  23  5:11  Drone  
  23  5:23  Queen  
  25  6:04  Mutalisk x2  
  25  6:05  Mutalisk  
  25  6:06  Mutalisk x2  
  25  6:09  Mutalisk  
  37  6:14  Drone  
  37  6:18  Drone  
  39  6:22  Drone  
  40  6:32  Overlord  
  40  6:35  Overlord  
  40  6:39  Drone  
  41  6:49  Zergling x6  
  41  6:52  Zergling x2  
  43  8:17  Mutalisk  
  43  8:18  Mutalisk x6  
  43  8:19  Mutalisk  
  59  8:22  Overlord x3  
  44  8:52  Corruptor x3  
  50  9:03  Extractor  
  50  9:04  Extractor  
  50  9:05  Drone x2  
  50  9:06  Drone  
  50  9:07  Corruptor  
  53  9:22  Corruptor  
  55  9:35  Drone x3, Hatchery  
  55  9:36  Drone x2  
  60  9:38  Drone x2  
  61  9:45  Corruptor  
  63  9:54  Corruptor  
  65  10:09  Hive  
  65  10:15  Queen  
  61  11:25  Corruptor x5  
  53  11:26  Corruptor  
  63  11:42  Corruptor  
  65  11:51  Drone x3  
  65  11:53  Drone x3  
  65  11:54  Drone  
  72  11:56  Corruptor  
  74  12:04  Zerg Flyer Weapons Level 1  
  74  12:09  Corruptor  
  76  12:17  Drone x3  
  76  12:22  Overlord  
  79  12:39  Corruptor x2  
  79  12:43  Extractor  
  82  13:36  Corruptor  
  82  13:37  Corruptor x3  
  64  13:59  Corruptor  
  64  14:00  Corruptor  
  64  14:01  Corruptor x2  
  64  14:02  Corruptor x2  
  66  14:09  Drone  
  68  14:10  Drone x5  
  72  14:20  Drone x2  
  72  14:22  Corruptor x2  
  72  14:23  Corruptor  
  80  14:28  Extractor  
  79  14:34  Corruptor  
  79  14:37  Corruptor  
  83  14:40  Overlord  
  83  14:53  Corruptor  
  83  14:54  Corruptor  
  77  15:35  Corruptor x3  
  61  15:36  Corruptor x2  
  61  15:38  Corruptor  
  73  15:46  Drone x4  
  52  16:09  Drone x3  
  52  16:10  Drone x3  
Tags
 
Add a new tag
Caveats
  • Supply blocks, unpowered buildings, or Contaminate may cause inaccurate times.
  • Supply counts are checked every 10 seconds.